[ AOE2 MATCH · #505018903 ]
UnrankedMalians vs Vietnamese
Player's team · LOSS
[ REPLAY ANALYSIS · EXTRACTED FROM THE RECORDED GAME ]
Feudal
9:16
Castle
24:21
Imperial
—
| APM avg | 46.8 |
| APM peak | 90 |
| eAPM avg | 24.0 |
| Villagers / military | 56 / 46 |
Focus
⚔️ 37.1% · 🌾 62.9%
Skirmisher ×28 · Militia ×18
Feudal
12:52
Castle
23:30
Imperial
—
| APM avg | 40.4 |
| APM peak | 64 |
| eAPM avg | 19.4 |
| Villagers / military | 54 / 42 |
Focus
⚔️ 34.2% · 🌾 65.8%
Skirmisher ×22 · Archer ×17 · Militia ×3
Match map
Initial resources + every placement click. Lines = walls · curves = elevation contours. ◆ gold · ⬟ stone · ● berries · ✦ relic · ◌ wall gap
Your base· ✓ Closed at 24:21 · 41t walls · no gate
lapoejs's base· ✓ Closed at 23:30 · 38t walls · no gate
Smoothed initial terrain · ◌ = detected wall gap · hover for details
Inputs per minute
— sirbone - - lapoejs
Build order — sirbone
First 150 of 200 actions detected
| 0:01 | Queue | Villager (Male) |
| 0:01 | Queue | Villager (Male) |
| 0:01 | Queue | Villager (Male) |
| 0:03 | Build | House |
| 0:05 | Build | House |
| 0:12 | Queue | Villager (Male) |
| 0:12 | Queue | Villager (Male) |
| 1:35 | Queue | Villager (Male) |
| 2:01 | Queue | Villager (Male) |
| 2:29 | Queue | Villager (Male) |
| 2:40 | Queue | Villager (Male) |
| 2:58 | Build | House |
| 3:14 | Queue | Villager (Male) |
| 3:15 | Queue | Villager (Male) |
| 3:19 | Build | Lumber Camp |
| 3:41 | Queue | Villager (Male) |
| 4:14 | Queue | Villager (Male) |
| 4:28 | Queue | Villager (Male) |
| 4:58 | Queue | Villager (Male) |
| 5:27 | Queue | Villager (Male) |
| 5:50 | Queue | Villager (Male) |
| 5:59 | Build | Barracks |
| 6:02 | Research | Loom |
| 6:58 | Build | Mining Camp |
| 7:01 | Research | Feudal Age |
| 7:23 | Build | House |
| 7:39 | Build | Palisade Wall |
| 7:41 | Build | Palisade Wall |
| 7:43 | Queue | Militia |
| 8:04 | Queue | Militia |
| 8:06 | Build | House |
| 8:09 | Build | Palisade Wall |
| 8:11 | Build | Palisade Wall |
| 8:15 | Queue | Villager (Male) |
| 8:21 | Build | Palisade Wall |
| 8:23 | Build | Palisade Wall |
| 8:39 | Build | Palisade Wall |
| 8:55 | Queue | Militia |
| 9:02 | Build | Mill |
| 9:14 | Build | Palisade Wall |
| 9:16 | Age | Feudal Age |
| 9:42 | Build | Farm |
| 9:44 | Build | Farm |
| 9:46 | Build | Farm |
| 9:55 | Build | Farm |
| 9:56 | Queue | Villager (Male) |
| 10:06 | Build | Farm |
| 10:10 | Queue | Villager (Male) |
| 10:24 | Build | Farm |
| 10:40 | Queue | Villager (Male) |
| 10:45 | Build | Palisade Wall |
| 10:50 | Build | Palisade Wall |
| 10:55 | Queue | Villager (Male) |
| 11:10 | Build | Farm |
| 11:25 | Research | Man-at-Arms (upgrade) |
| 11:33 | Build | Farm |
| 11:34 | Queue | Villager (Male) |
| 11:39 | Queue | Villager (Male) |
| 11:45 | Build | House |
| 12:16 | Queue | Villager (Male) |
| 12:26 | Queue | Militia |
| 12:30 | Build | Palisade Wall |
| 12:32 | Build | Palisade Wall |
| 12:34 | Build | Palisade Wall |
| 12:36 | Build | Palisade Wall |
| 12:38 | Build | Palisade Wall |
| 12:39 | Build | Palisade Wall |
| 12:44 | Queue | Villager (Male) |
| 12:51 | Queue | Villager (Male) |
| 12:56 | Build | Lumber Camp |
| 12:58 | Queue | Militia |
| 13:13 | Queue | Villager (Male) |
| 13:24 | Research | Double-Bit Axe |
| 13:29 | Queue | Villager (Male) |
| 13:33 | Build | House |
| 13:46 | Build | Farm |
| 13:48 | Build | Farm |
| 13:53 | Queue | Villager (Male) |
| 14:14 | Queue | Militia |
| 14:14 | Queue | Militia |
| 14:21 | Research | Arson |
| 14:22 | Queue | Villager (Male) |
| 14:27 | Build | Blacksmith |
| 14:36 | Queue | Villager (Male) |
| 14:43 | Build | House |
| 14:54 | Queue | Villager (Male) |
| 14:59 | Queue | Militia |
| 14:59 | Queue | Militia |
| 15:03 | Build | Farm |
| 15:12 | Build | Archery Range |
| 15:22 | Queue | Villager (Male) |
| 15:28 | Research | Scale Mail Armor |
| 15:49 | Queue | Villager (Male) |
| 15:51 | Queue | Militia |
| 15:51 | Queue | Militia |
| 16:01 | Queue | Villager (Male) |
| 16:02 | Queue | Militia |
| 16:05 | Build | Farm |
| 16:10 | Build | House |
| 16:11 | Build | House |
| 16:24 | Queue | Skirmisher |
| 16:24 | Queue | Skirmisher |
| 16:34 | Queue | Militia |
| 16:44 | Build | Archery Range |
| 16:48 | Build | Farm |
| 16:51 | Build | Farm |
| 17:04 | Queue | Militia |
| 17:05 | Queue | Villager (Male) |
| 17:10 | Build | Farm |
| 17:16 | Research | Fletching |
| 17:20 | Build | Palisade Wall |
| 17:26 | Queue | Militia |
| 17:28 | Queue | Skirmisher |
| 17:33 | Build | Farm |
| 17:56 | Queue | Villager (Male) |
| 17:57 | Queue | Skirmisher |
| 17:57 | Queue | Skirmisher |
| 17:58 | Queue | Villager (Male) |
| 18:00 | Build | Farm |
| 18:13 | Queue | Villager (Male) |
| 18:16 | Build | Farm |
| 18:22 | Queue | Villager (Male) |
| 18:37 | Build | House |
| 18:39 | Build | Farm |
| 18:42 | Queue | Villager (Male) |
| 18:46 | Build | House |
| 18:47 | Queue | Skirmisher |
| 18:48 | Queue | Skirmisher |
| 19:15 | Build | Farm |
| 19:15 | Build | Farm |
| 19:16 | Queue | Villager (Male) |
| 19:37 | Build | Farm |
| 19:38 | Queue | Villager (Male) |
| 19:39 | Build | Farm |
| 19:58 | Queue | Villager (Male) |
| 20:02 | Queue | Villager (Male) |
| 20:15 | Build | Farm |
| 20:21 | Queue | Villager (Male) |
| 20:23 | Build | Stable |
| 20:46 | Build | Market |
| 20:53 | Queue | Villager (Male) |
| 20:58 | Build | Farm |
| 21:05 | Build | House |
| 21:06 | Build | House |
| 21:08 | Build | House |
| 21:10 | Queue | Villager (Male) |
| 21:18 | Build | Farm |
| 21:19 | Queue | Villager (Male) |
| 21:23 | Build | Farm |
| 21:34 | Research | Castle Age |
Build order — lapoejs
First 150 of 181 actions detected
| 0:00 | Queue | Villager (Male) ×4 |
| 0:02 | Build | House |
| 0:03 | Build | House |
| 1:28 | Queue | Villager (Male) |
| 1:47 | Build | Lumber Camp |
| 1:59 | Queue | Villager (Male) |
| 2:19 | Queue | Villager (Male) |
| 2:19 | Queue | Villager (Male) |
| 2:39 | Queue | Villager (Male) |
| 2:39 | Queue | Villager (Male) |
| 3:14 | Queue | Villager (Male) |
| 3:24 | Queue | Villager (Male) |
| 3:48 | Build | House |
| 4:01 | Queue | Villager (Male) |
| 4:35 | Build | Barracks |
| 4:38 | Queue | Villager (Male) |
| 4:39 | Queue | Villager (Male) |
| 5:05 | Queue | Villager (Male) |
| 5:10 | Build | Palisade Wall |
| 5:11 | Build | Palisade Wall |
| 5:22 | Queue | Villager (Male) |
| 5:22 | Queue | Villager (Male) |
| 5:29 | Build | House |
| 5:35 | Build | Palisade Wall |
| 5:35 | Build | Palisade Wall |
| 5:39 | Queue | Militia |
| 6:05 | Queue | Militia |
| 6:09 | Queue | Villager (Male) |
| 6:16 | Build | Palisade Wall |
| 6:22 | Build | Palisade Wall |
| 6:25 | Queue | Villager (Male) |
| 6:30 | Queue | Militia |
| 6:48 | Queue | Villager (Male) |
| 6:54 | Build | House |
| 6:58 | Queue | Villager (Male) |
| 7:24 | Queue | Villager (Male) |
| 7:41 | Queue | Villager (Male) |
| 8:03 | Build | Mill |
| 8:16 | Build | House |
| 8:28 | Build | Mining Camp |
| 8:32 | Build | House |
| 8:33 | Build | House |
| 8:46 | Queue | Villager (Male) |
| 9:08 | Queue | Villager (Male) |
| 9:14 | Build | Palisade Gate |
| 9:16 | Build | Palisade Wall |
| 9:36 | Research | Loom |
| 10:03 | Build | Mill |
| 10:16 | Queue | Villager (Male) |
| 10:20 | Build | Farm |
| 10:27 | Build | Farm |
| 10:42 | Research | Feudal Age |
| 11:08 | Build | Farm |
| 11:17 | Build | House |
| 11:56 | Queue | Villager (Male) |
| 11:56 | Queue | Villager (Male) |
| 12:00 | Build | Farm |
| 12:52 | Age | Feudal Age |
| 12:54 | Build | Archery Range |
| 13:02 | Build | Blacksmith |
| 13:05 | Research | Double-Bit Axe |
| 13:15 | Build | House |
| 13:19 | Queue | Villager (Male) |
| 13:45 | Queue | Villager (Male) |
| 13:49 | Research | Fletching |
| 13:51 | Build | Lumber Camp |
| 14:10 | Build | Palisade Wall |
| 14:12 | Queue | Archer |
| 14:20 | Research | Town Watch |
| 14:28 | Queue | Archer |
| 14:41 | Build | House |
| 14:43 | Build | House |
| 14:54 | Queue | Archer |
| 15:04 | Build | House |
| 15:06 | Queue | Villager (Male) |
| 15:13 | Queue | Villager (Male) |
| 15:15 | Build | Farm |
| 15:34 | Build | Palisade Wall |
| 15:36 | Queue | Villager (Male) |
| 15:37 | Queue | Villager (Male) |
| 15:37 | Queue | Villager (Male) |
| 15:44 | Queue | Archer |
| 15:44 | Queue | Archer |
| 15:52 | Queue | Villager (Male) |
| 16:01 | Build | House |
| 16:19 | Queue | Villager (Male) |
| 16:19 | Queue | Villager (Male) |
| 16:21 | Queue | Archer |
| 16:22 | Queue | Archer |
| 16:43 | Build | House |
| 16:44 | Build | House |
| 16:48 | Build | Farm |
| 16:49 | Build | Farm |
| 16:52 | Build | Farm |
| 16:52 | Build | Farm |
| 16:53 | Build | Farm |
| 16:53 | Build | Farm |
| 17:00 | Build | House |
| 17:29 | Queue | Villager (Male) |
| 17:32 | Build | Palisade Wall |
| 17:40 | Build | Mill |
| 17:41 | Build | Farm |
| 17:41 | Build | Farm |
| 17:41 | Build | Farm |
| 17:41 | Build | Farm |
| 17:42 | Build | Farm |
| 17:46 | Queue | Archer |
| 17:46 | Queue | Archer |
| 17:59 | Queue | Skirmisher |
| 18:08 | Build | Farm |
| 18:18 | Research | Wheelbarrow |
| 18:28 | Queue | Skirmisher |
| 18:28 | Queue | Skirmisher |
| 19:08 | Queue | Villager (Male) |
| 19:20 | Build | Market |
| 19:51 | Build | Palisade Wall |
| 20:00 | Build | Archery Range |
| 20:00 | Queue | Villager (Male) |
| 20:17 | Queue | Skirmisher |
| 20:17 | Queue | Skirmisher |
| 20:18 | Queue | Villager (Male) |
| 20:40 | Research | Castle Age |
| 20:41 | Research | Castle Age |
| 20:45 | Build | Archery Range |
| 20:56 | Research | Horse Collar |
| 20:56 | Research | Horse Collar |
| 21:00 | Research | Gold Mining |
| 21:03 | Queue | Archer |
| 21:03 | Queue | Skirmisher |
| 21:03 | Queue | Villager (Male) |
| 21:09 | Research | Padded Archer Armor |
| 21:09 | Research | Padded Archer Armor |
| 21:29 | Build | House |
| 21:31 | Queue | Archer |
| 21:32 | Queue | Skirmisher |
| 21:32 | Queue | Villager (Male) |
| 21:32 | Queue | Villager (Male) |
| 21:38 | Build | Palisade Wall |
| 22:03 | Queue | Skirmisher |
| 22:03 | Queue | Skirmisher |
| 22:24 | Queue | Villager (Male) |
| 22:25 | Queue | Skirmisher |
| 22:25 | Queue | Skirmisher |
| 22:36 | Queue | Archer |
| 22:36 | Queue | Skirmisher |
| 22:37 | Queue | Archer |
| 22:54 | Queue | Archer |
| 22:54 | Queue | Skirmisher |
| 23:30 | Age | Castle Age |
| 23:33 | Research | Bodkin Arrow |
Match timeline
| 4:35 | lapoejs · first_building Barracks |
| 5:10 | lapoejs · wall_segment Palisade Wall x4 |
| 5:11 | lapoejs · wall_segment Palisade Wall x3 |
| 5:35 | lapoejs · wall_segment Palisade Wall x2 |
| 5:35 | lapoejs · wall_segment Palisade Wall x3 |
| 5:59 | sirbone · first_building Barracks |
| 6:16 | lapoejs · wall_segment Palisade Wall x7 |
| 6:22 | lapoejs · wall_segment Palisade Wall x10 |
| 7:39 | sirbone · wall_segment Palisade Wall x1 |
| 7:41 | sirbone · wall_segment Palisade Wall x1 |
| 8:09 | sirbone · wall_segment Palisade Wall x1 |
| 8:11 | sirbone · wall_segment Palisade Wall x1 |
| 8:21 | sirbone · wall_segment Palisade Wall x1 |
| 8:23 | sirbone · wall_segment Palisade Wall x1 |
| 8:39 | sirbone · wall_segment Palisade Wall x1 |
| 9:14 | sirbone · wall_segment Palisade Wall x1 |
| 9:16 | sirbone · age_up feudal |
| 9:16 | lapoejs · wall_segment Palisade Wall x2 |
| 10:45 | sirbone · wall_segment Palisade Wall x1 |
| 10:50 | sirbone · wall_segment Palisade Wall x1 |
| 12:30 | sirbone · wall_segment Palisade Wall x1 |
| 12:32 | sirbone · wall_segment Palisade Wall x1 |
| 12:34 | sirbone · wall_segment Palisade Wall x1 |
| 12:36 | sirbone · wall_segment Palisade Wall x1 |
| 12:38 | sirbone · wall_segment Palisade Wall x1 |
| 12:39 | sirbone · wall_segment Palisade Wall x1 |
| 12:52 | lapoejs · age_up feudal |
| 12:54 | lapoejs · first_building Archery Range |
| 14:10 | lapoejs · wall_segment Palisade Wall x4 |
| 15:12 | sirbone · first_building Archery Range |
| 15:34 | lapoejs · wall_segment Palisade Wall x1 |
| 17:20 | sirbone · wall_segment Palisade Wall x7 |
| 17:32 | lapoejs · wall_segment Palisade Wall x1 |
| 19:51 | lapoejs · wall_segment Palisade Wall x1 |
| 20:23 | sirbone · first_building Stable |
| 20:32 | lapoejs · first_market_buy 100 food |
| 21:28 | sirbone · first_market_buy 100 food |
| 21:38 | lapoejs · wall_segment Palisade Wall x1 |
| 21:46 | sirbone · wall_segment Palisade Wall x1 |
| 22:01 | sirbone · wall_segment Palisade Wall x6 |
| 22:03 | sirbone · wall_segment Palisade Wall x6 |
| 22:43 | sirbone · wall_segment Palisade Wall x6 |
| 23:30 | lapoejs · age_up castle |
| 23:44 | lapoejs · first_market_sell 100 stone |
| 24:21 | sirbone · age_up castle |
| 25:01 | lapoejs · wall_segment Palisade Wall x2 |
| 25:49 | lapoejs · first_building Siege Workshop |
| 26:29 | sirbone · resign |
[ AI ANALYSIS · 1 CREDIT ]
What really happened in this match?
Wolo.gg analyzes every decision: build order, eco, micro, common mistakes by bracket. Personalized analysis on WhatsApp or Discord in 30 seconds.
Civ guide
Malians
Perfil
Jugador #3298281